 Dungeon Crawl Stone Soup version 0.26-a0-259-g1effd001a9 (webtiles) character file.

Game seed: 16563193384349009637

1349 BattleRest the Chiller (level 8, -4/41 HPs)
             Began as a Gargoyle Ice Elementalist on July 10, 2020.
             Was an Initiate of Sif Muna.
             Slain by an ice beast (8 damage)
             ... on level 7 of the Dungeon.
             The game lasted 00:33:23 (7169 turns).

BattleRest the Chiller (Gargoyle Ice Elementalist)  Turns: 7169, Time: 00:33:24

Health: -4/41      AC:  9    Str: 13    XL:     8   Next: 63%
Magic:  12/16      EV: 12    Int: 17    God:    Sif Muna [......]
Gold:   352        SH:  0    Dex: 10    Spells: 9/17 levels left

rFire    . . .     SeeInvis .   d - +1 short sword
rCold    . . .     Faith    .   (no shield)
rNeg     + . .     Spirit   .   a - +0 robe
rPois    ∞         Reflect  .   u - +2 hat
rElec    +         Harm     .   (no cloak)
rCorr    .                      (no gloves)
MR       .....                  (no boots)
Stlth    +++.......             (no amulet)
HPRegen  0.13/turn              m - ring of stealth
MPRegen  0.15/turn              (no ring)

@: no status effects
A: negative energy resistance 1, electricity resistance, unbreathing,
petrification resistance, rot immunity, AC +5
a: Renounce Religion


You were on level 7 of the Dungeon.
You worshipped Sif Muna.
Sif Muna was noncommittal.
You were not hungry.

You visited 2 branches of the dungeon, and saw 8 of its levels.

You collected 352 gold pieces.

Inventory:

Hand Weapons
 d - a +1 short sword (weapon)
Missiles
 b - 202 arrows
Armour
 a - a +0 robe (worn)
 u - a +2 hat (worn)
Jewellery
 m - a ring of stealth (left hand)
 x - an uncursed amulet of guardian spirit
Wands
 g - a wand of disintegration (13)
 p - a wand of paralysis (7)
 r - a wand of clouds (1)
 t - a wand of acid (24)
 w - a wand of iceblast (8)
Scrolls
 e - a scroll of teleportation {unknown}
 h - a scroll of fear {unknown}
 j - a scroll of magic mapping {unknown}
 k - a scroll of enchant weapon
 l - a scroll of random uselessness
 o - a scroll of remove curse {unknown}
Potions
 f - 2 potions of lignification {unknown}
 i - a potion of curing {unknown}
 n - a potion of degeneration {unknown}
 q - a potion of flight {unknown}
 s - a potion of mutation {unknown}
 v - a potion of brilliance {unknown}
Comestibles
 c - 20 rations


   Skills:
 - Level 1.0 Short Blades
 - Level 2.0 Dodging
 - Level 2.1 Stealth
 + Level 5.4 Spellcasting
 * Level 5.3 Summonings
 + Level 6.9 Ice Magic


You had 9 spell levels left.
You knew the following spells:

 Your Spells              Type           Power        Failure   Level
a - Freeze                Ice            ####         1%          1
b - Frozen Ramparts       Ice            ####..       2%          3
c - Summon Ice Beast      Ice/Summ       ####....     11%         4

Your spell library contained the following spells:

 Spells                   Type           Power        Failure   Level
 Ozocubu's Armour         Chrm/Ice       ###.....     10%         3
 Hailstorm                Conj/Ice       ###.....     32%         4


Dungeon Overview and Level Annotations

Branches:
Dungeon (7/15)             Temple (1/1) D:7

Altars:
Ashenzari
Cheibriados
Dithmenos
Elyvilon
Fedhas
Gozag
Hepliaklqana
Kikubaaqudgha
Makhleb
Nemelex Xobeh
Okawaru
Qazlal
Ru
Sif Muna
Trog
Uskayaw
Vehumet
Wu Jian
Xom
Yredelemnul
Zin
The Shining One

Shops:
D:5 %

Annotations:
D:4 3 runed translucent doors, GordonOverkill's ghost, novice CeWz; PezzR's ghost, amateur GrFi


Innate Abilities, Weirdness & Mutations

You are resistant to torment.
Your stone body is resilient. (AC +5)
You are immune to poison.
You resist negative energy. (rN+)
You are resistant to electric shocks. (rElec)
You can survive without breathing.
You are immune to petrification.
You are immune to rotting.


Message History

Your ice beast barely misses the ice beast.
Casting: Freeze (safe; 1% risk of failure)
Confirm with . or Enter, or press ? or * to list all spells.
The spell is quite dangerous to cast (11% risk of failure)!
Continue anyway?
A chill wind blows around you.
The ice beast hits you but does no damage.
Your ice beast disappears in a puff of smoke!
You barely miss the ice beast.
The ice beast is severely wounded.
The ice beast hits you. The ice beast freezes you!
* * * LOW HITPOINT WARNING * * *
Your ice beast barely misses the ice beast.
The ice beast closely misses you.
Your ice beast hits the ice beast but does no damage.
You barely miss the ice beast.
The ice beast is severely wounded.
The ice beast hits you.
* * * LOW HITPOINT WARNING * * *
The ice beast freezes you!
You die...

#......# #.# ...... #.#
##...# #.# ###....#
#.######## ###...)..#
#.##...... .........##
##.##.##.## . ..........#
###.........##.. ...(...>..##
#.............# ...........#
#.#@.⌠...⌠..# .
#####...)..###.#Y........#...
###........Y....>......#
####...###.........#.#
###..##..⌠...⌠..#.
##..............# ##
##.#.........### #.
####.##.##.## ##. #..##.#..#
##.<


You could see an ice beast and a friendly ice beast (summoned).

Vanquished Creatures
  An orc warrior (D:6)
  An ogre (D:4)
  3 centaurs
  A scorpion (D:4)
  A howler monkey (D:5)
  3 jellies
  3 orc priests
  4 bullfrog skeletons (D:5)
  A hound (D:4)
  2 orc wizards
  Jessica (D:3)
  Ijyb (D:3)
  3 iguanas
  7 adders
  An ufetubus (D:3)
  An ooze (D:3)
  An adder skeleton (D:5)
  4 dart slugs
  A leopard gecko (D:1)
  23 orcs
  6 giant cockroaches
  7 goblins
  7 hobgoblins
  2 jackals (D:4)
  3 quokkas
  3 ball pythons
  4 bats
  3 frilled lizards
  7 kobolds
  A quokka skeleton (D:5)
  6 rats
112 creatures vanquished.

Vanquished Creatures (collateral kills)
  A sky beast (D:6)
  A necrophage (D:7)
  A water moccasin skeleton (D:6)
  A white imp (D:6)
  2 orcs (D:7)
  A leopard gecko zombie (D:5)
7 creatures vanquished.

Grand Total: 119 creatures vanquished

Notes
Turn   | Place    | Note
-------+----------+-------------------------------------------
     0 | D:1      | BattleRest the Gargoyle Ice Elementalist began the quest
                  | for the Orb.
     0 | D:1      | Reached XP level 1. HP: 10/10 MP: 3/3
   355 | D:1      | Reached XP level 2. HP: 15/15 MP: 3/5
   962 | D:2      | Reached XP level 3. HP: 14/19 MP: 0/6
  1066 | D:2      | Reached skill level 1 in Short Blades
  1099 | D:2      | Learned a level 3 spell: Frozen Ramparts
  1418 | D:2      | Reached XP level 4. HP: 12/24 MP: 0/8
  2245 | D:3      | Reached skill level 5 in Ice Magic
  2245 | D:3      | Reached XP level 5. HP: 5/28 MP: 1/10
  2712 | D:3      | Noticed Ijyb
  2727 | D:4      | Noticed an ogre
  2732 | D:4      | Killed an ogre
  2916 | D:4      | Learned a level 4 spell: Summon Ice Beast
  2989 | D:4      | Reached XP level 6. HP: 32/32 MP: 5/11
  3075 | D:4      | Reached skill level 1 in Summonings
  3762 | D:4      | Found a runed translucent gate.
  3763 | D:4      | Found a runed translucent gate.
  3764 | D:4      | Found a runed translucent gate.
  3765 | D:4      | Noticed PezzR's ghost (amateur GrFi)
  3767 | D:4      | Noticed GordonOverkill's ghost (novice CeWz)
  3919 | D:5      | Entered Level 5 of the Dungeon
  3919 | D:5      | Found Lodghem's Food Shop.
  3938 | D:5      | Reached XP level 7. HP: 29/36 MP: 10/13
  4008 | D:3      | Noticed Jessica
  4068 | D:3      | Killed Jessica
  4071 | D:3      | Killed Ijyb
  4239 | D:3      | Found a sparkling altar of Nemelex Xobeh.
  4727 | D:5      | Reached skill level 6 in Ice Magic
  5262 | D:5      | Reached XP level 8. HP: 23/41 MP: 11/15
  5910 | D:6      | Reached skill level 5 in Spellcasting
  6623 | D:6      | Reached skill level 5 in Summonings
  6788 | D:7      | Found a staircase to the Ecumenical Temple.
  6810 | Temple   | Entered the Ecumenical Temple
  7064 | Temple   | Became a worshipper of Sif Muna the Loreminder
  7169 | D:7      | Slain by an ice beast

Illustrated notes

Levels and vault maps discovered:
D:1:      sevenhm_arrival_forest_fort_large_4, layout_basic, hex_tiny,
          ebering_dispersal_statue_hall
D:2:      layout_basic, first_ration
D:3:      layout_basic, nemelex_xobeh_ov_fountains_minmay, uniq_ijyb,
          uniq_jessica
D:4:      layout_basic, gammafunk_ghost_cemetery
D:5:      cheibrodos_iron_armory, layout_basic, serial_shops, shop
D:6:      lemuel_ice_spiral_2, layout_rooms
D:7:      layout_layer_cave, minmay_temple_entry_large_hall, basic_altar,
          the_bakery
Temple:   kilobyte_greek_temple

Skill      XL: |  1  2  3  4  5  6  7  8 |
---------------+-------------------------+-----
Dodging        | 2 |  2.0
Short Blades   | 1 |  1.0
Spellcasting   | 3 4 5 |  5.4
Ice Magic      | 5 6 |  6.9
Summonings     | 2 4 5 |  5.3
Stealth        | |  2.1

Action                   |  1- 3 |  4- 6 |  7- 9 || total
-------------------------+-------+-------+-------++-------
Melee: Unarmed           |     6 |       |       ||     6
       Short sword       |    19 |    18 |    76 ||   113
 Cast: Freeze            |    33 |    57 |    76 ||   166
       Frozen Ramparts   |     4 |     2 |     6 ||    12
       Summon Ice Beast  |       |       |     8 ||     8
  Use: Scroll            |       |       |     3 ||     3
 Stab: Sleeping          |     3 |     2 |     4 ||     9
  Eat: Ration            |     1 |     2 |     3 ||     6
Armor: Robe              |    12 |    16 |    52 ||    80
Dodge: Dodged            |    35 |    37 |    80 ||   152

Table legend:
 A = Non-vault XP
 B = Vault XP
 C = Vault XP percentage of total XP
 D = Non-vault monster count
 E = Vault monster count
 F = Vault count percentage of total count
                 A         B        C        D         E       F
            +---------+---------+-------+---------+---------+-------
      Total |    1863 |      65 |   3.4 |     117 |       2 |   1.7
            +---------+---------+-------+---------+---------+-------
        D:1 |      27 |       0 |   0.0 |      15 |       0 |   0.0
        D:2 |     109 |       0 |   0.0 |      20 |       0 |   0.0
        D:3 |     102 |      65 |  38.9 |      22 |       2 |   8.3
        D:4 |     395 |       0 |   0.0 |      15 |       0 |   0.0
        D:5 |     551 |       0 |   0.0 |      21 |       0 |   0.0
        D:6 |     556 |       0 |   0.0 |      18 |       0 |   0.0
        D:7 |     123 |       0 |   0.0 |       6 |       0 |   0.0
            +---------+---------+-------+---------+---------+-------
